 Dungeon Crawl Stone Soup version 0.26.1-11-gd32895ea62 (webtiles) character file.

Game seed: 17476954637865863842

58 Almogavar the Ducker (level 3, -2/17 HPs)
             Began as a Felid Berserker on May 7, 2021.
             Was a Believer of Trog.
             Slain by a hound (4 damage)
             ... on level 2 of the Dungeon.
             The game lasted 00:04:16 (2262 turns).

Almogavar the Ducker (Felid Berserker)              Turns: 2262, Time: 00:04:17

Health: -2/17      AC:  1    Str: 14    XL:     3   Next: 76%
Magic:  4/4        EV: 20    Int:  8    God:    Trog [**....]
Gold:   66         SH:  0    Dex: 15    Spells: 2/2 levels left
                                        Lives:  0   Deaths: 0

rFire    . . .     SeeInvis +     - Unarmed
rCold    . . .     Faith    .   (shield unavailable)
rNeg     . . .     Spirit   .   (armour unavailable)
rPois    .         Reflect  .   (helmet unavailable)
rElec    .         Harm     .   (cloak unavailable)
rCorr    .         Rampage  .   (gloves unavailable)
Will     .....                  (boots unavailable)
Stlth    ++........             (no amulet)
HPRegen  0.05/turn              (no ring)
MPRegen  0.09/turn              (no ring)

@: quick
A: very small, no armour, no weapons or thrown items, stealth, claws 1, fangs 3,
see invisible, speed 1, shaggy fur 1, sharp paws
a: Renounce Religion, Berserk, Trog's Hand


You were on level 2 of the Dungeon.
You worshipped Trog.
Trog was pleased with you.
You visited 1 branch of the dungeon, and saw 2 of its levels.

You collected 66 gold pieces.

Inventory:

Scrolls
 b - a scroll of remove curse
 c - a scroll of random uselessness {unknown}
Potions
 a - a potion of lignification {unknown}
 d - 2 potions of magic


   Skills:
 + Level 3.3 Fighting
 + Level 4.6 Dodging
 * Level 2.2 Stealth
 + Level 3.7 Unarmed Combat


You had 2 spell levels left.
You didn't know any spells.
Your spell library was empty.

Dungeon Overview and Level Annotations

Branches:
Dungeon (2/15)

Altars:
Dithmenos
Qazlal


Innate Abilities, Weirdness & Mutations

You cannot wear armour.
You are incapable of wielding weapons or throwing items.
Your paws allow you to move quietly. (Stealth)
You have sharp claws.
You have razor-sharp teeth.
You have supernaturally acute eyesight. (SInv)
You cover ground quickly.
You are covered in fur. (AC +1)
Your sharp claws are effective at attacking unaware monsters.


Message History

* * * LOW HITPOINT WARNING * * *
The hound completely misses you.
You closely miss the hound.
The hound is heavily wounded.
The hound closely misses you.
You closely miss the hound. You bite the hound.
The hound is severely wounded.
The hound misses you.
You closely miss the hound.
The hound is severely wounded.
The hound bites you.
* * * LOW HITPOINT WARNING * * *
The hound misses you.
You scratch the hound.
The hound is severely wounded.
The hound closely misses you.
You barely miss the hound.
The hound is severely wounded.
The hound closely misses you. The hound bites you.
You die...

#.......)....#
#######.....##
##...## ##.##
#.# #.# # #.#
#.###########.#
#.h@.....)....#
###############


You could see a hound.

Vanquished Creatures
  An adder (D:1)
  A leopard gecko (D:1)
  A ball python (D:2)
  6 giant cockroaches
  7 goblins
  8 hobgoblins
  4 bats (D:1)
  2 frilled lizards
  8 kobolds
  6 rats
44 creatures vanquished.

Notes
Turn   | Place    | Note
-------+----------+-------------------------------------------
     0 | D:1      | Almogavar the Felid Berserker began the quest for the Orb.
     0 | D:1      | Reached XP level 1. HP: 10/10 MP: 2/2
   356 | D:1      | Reached XP level 2. HP: 14/14 MP: 3/3
   677 | D:1      | Reached skill level 1 in Stealth
  1080 | D:1      | Reached ** piety under Trog
  1081 | D:1      | Reached XP level 3. HP: 8/17 MP: 4/4
  1800 | D:2      | Noticed a fire elemental
  1802 | D:2      | Found a stormy altar of Qazlal.
  1804 | D:2      | Noticed a water elemental
  1804 | D:2      | Noticed an air elemental
  1804 | D:2      | Noticed an earth elemental
  1814 | D:2      | Found a shadowy altar of Dithmenos.
  2262 | D:2      | Slain by a hound

Illustrated notes

Levels and vault maps discovered:
D:1:      dpeg_arrival_rhombi, layout_basic, minmay_circled_x
D:2:      layout_loops_ring, nicolae_overflow_crystal_walls,
          nicolae_overflow_hidden_temple, nicolae_qazlal_style_of_elements

Skill      XL: |  1  2  3 |
---------------+----------+-----
Stealth        | 1 2 |  2.2
Fighting       | |  3.3
Dodging        | |  4.6
Unarmed Combat | |  3.7

Action                   || total
-------------------------++-------
Melee: Unarmed           ||   106
       Bite              ||    12
  Use: Scroll            ||     4
 Stab: Sleeping          ||     6
Armor: Skin              ||     2
Dodge: Dodged            ||    94
